 Dungeon Sprint DCSS version 0.21.1-1-g345015f (webtiles) character file.

2034 Fang the Severer (level 9, -11/144 HPs)
             Began as a Minotaur Berserker on May 31, 2018.
             Was a High Priest of Trog.
             Mangled by a two-headed ogre
             ... wielding a +0 giant spiked club
              (30 damage)
             ... in the Dungeon (Sprint IX: "|||||||||||||||||||||||||||||").
             The game lasted 00:01:36 (451 turns).

Fang the Severer (Minotaur Berserker)                Turns: 451, Time: 00:01:37

Health: -11/144    AC:  4    Str: 30    XL:     9   Next: 3%
Magic:  17/17      EV: 15    Int: 13    God:    Trog [*****.]
Gold:   0          SH:  0    Dex:  9    Spells: 8/8 levels left

rFire    . . .     SeeInvis .   m - +1 broad axe of Corporal Punishment {venom, MP+9 Int+6 Dex-4}
rCold    . . .     Gourm    .   (no shield)
rNeg     . . .     Faith    .   q - +2 robe {Archmagi}
rPois    .         Spirit   .   (helmet restricted)
rElec    .         Reflect  .   (no cloak)
rCorr    .         Harm     .   (no gloves)
MR       .....     NoTele   +   (no boots)
Stlth    ..........             (no amulet)
HPRegen  0.34/turn              n - +3 ring of intelligence
MPRegen  0.15/turn              o - +3 ring of dexterity

@: berserking (expiring), very quick
A: retaliatory headbutt, horns 2
a: Berserk, Trog's Hand, Brothers in Arms, Burn Spellbooks, Renounce Religion


You were in the Dungeon.
You worshipped Trog.
Trog was extremely pleased with you.
You were very hungry.

You visited 1 branch

Inventory:

Hand Weapons
 a - a +0 hand axe
 m - the +1 broad axe of Corporal Punishment (weapon) {venom, MP+9 Int+6 Dex-4}
   (You found it in the Dungeon)

   It poisons the flesh of those it strikes.
   It affects your intelligence (+6).
   It affects your dexterity (-4).
   It affects your magic capacity (+9).
Armour
 b - a +0 animal skin
 q - a +2 robe of the Archmagi (worn)
Jewellery
 n - a +3 ring of intelligence (left hand)
 o - a +3 ring of dexterity (right hand)
Wands
 l - a wand of iceblast (10)
Scrolls
 i - 2 scrolls of blinking
 k - 3 scrolls of remove curse
Potions
 d - 5 potions of curing
 e - 3 potions of heal wounds
 f - a potion of haste
 g - 4 potions of magic
 h - a potion of berserk rage
 j - a potion of invisibility
Comestibles
 c - a ration
 p - 5 chunks of flesh


   Skills:
 + Level 14.3 Fighting
 + Level 15.9 Axes
 + Level 8.2 Armour
 + Level 6.9 Dodging


You had 8 spell levels left.
You didn't know any spells.

Dungeon Overview and Level Annotations

Branches:
Dungeon (1/1)

Altars:
Cheibriados
Dithmenos
Elyvilon
Fedhas
Gozag
Hepliaklqana
Kikubaaqudgha
Makhleb
Nemelex Xobeh
Okawaru
Qazlal
Ru
Sif Muna
Trog
Uskayaw
Vehumet
Wu Jian
Xom
Yredelemnul
Zin
The Shining One
Beogh
Jiyva
Lugonu


Innate Abilities, Weirdness & Mutations

You reflexively headbutt those who attack you in melee.
You have a pair of horns on your head.


Message History

You have reached level 9!
Your experience leads to an increase in your attributes!
Your base attributes are Str 24, Int 4, Dex 10.
Increase (S)trength, (I)ntelligence, or (D)exterity?
You feel stronger.
Unknown command.
The two-headed ogre hits you with a giant spiked club!!
* * * LOW HITPOINT WARNING * * *
The two-headed ogre hits you with a giant club!!
* * * LOW HITPOINT WARNING * * *
Things that are here:
an uncursed longbow; 9 arrows Unknown command.
You barely miss the two-headed ogre.
Unknown command.
You slice the two-headed ogre!!
The two-headed ogre looks as sick as possible!
The two-headed ogre is heavily wounded.
The two-headed ogre hits you with a giant spiked club!!
You die...

▓+▓
▓.▓
▓.▓
▓y▓
▓D▓
▓O▓
▓@▓
▓(▓
▓.▓
▓.▓
▓.▓
▓.▓
▓.▓
▓(▓
▓)▓


You could see a two-headed ogre, a hornet and an acid dragon.

Vanquished Creatures
  A hydra (D)
  A centaur warrior (D)
  A gargoyle (D)
  An ice beast (D)
  2 ogres (D)
  A sky beast (D)
  An orc wizard (D)
  An iguana (D)
  2 adders (D)
  A shadow imp (D)
  A dart slug (D)
  A quokka (D)
  A bat (D)
  2 frilled lizards (D)
  A giant cockroach zombie (D)
  A rat (D)
19 creatures vanquished.

Notes
Turn   | Place    | Note
-------+----------+-------------------------------------------
     0 | D        | Fang the Minotaur Berserker began the quest for the Orb.
     0 | D        | Reached XP level 1. HP: 19/19 MP: 0/0
     6 | D        | Reached skill level 4 in Axes
     8 | D        | Reached ** piety under Trog
   125 | D        | Noticed an ice beast
   125 | D        | Noticed an ogre
   125 | D        | Noticed a sky beast
   130 | D        | Killed a sky beast
   130 | D        | Reached skill level 7 in Axes
   130 | D        | Reached XP level 2. HP: 32/34 MP: 1/1
   130 | D        | Reached XP level 3. HP: 37/39 MP: 2/2
   130 | D        | Reached XP level 4. HP: 44/47 MP: 3/3
   131 | D        | Reached *** piety under Trog
   134 | D        | Killed an ogre
   134 | D        | Reached skill level 9 in Axes
   134 | D        | Reached XP level 5. HP: 54/56 MP: 4/4
   139 | D        | Killed an ice beast
   139 | D        | Reached skill level 10 in Axes
   139 | D        | Reached skill level 5 in Armour
   139 | D        | Reached XP level 6. HP: 37/66 MP: 5/5
   142 | D        | Reached skill level 10 in Fighting
   324 | D        | Found a roughly hewn altar of Beogh.
   324 | D        | Found a snail-covered altar of Cheibriados.
   324 | D        | Found a shadowy altar of Dithmenos.
   324 | D        | Found a white marble altar of Elyvilon.
   324 | D        | Found a blossoming altar of Fedhas.
   324 | D        | Found an opulent altar of Gozag.
   325 | D        | Found a hazy altar of Hepliaklqana.
   326 | D        | Found a viscous altar of Jiyva.
   327 | D        | Found an ancient bone altar of Kikubaaqudgha.
   328 | D        | Found a corrupted altar of Lugonu.
   329 | D        | Found a burning altar of Makhleb.
   330 | D        | Found a sparkling altar of Nemelex Xobeh.
   331 | D        | Found an iron altar of Okawaru.
   332 | D        | Found a stormy altar of Qazlal.
   333 | D        | Found a sacrificial altar of Ru.
   334 | D        | Found a deep blue altar of Sif Muna.
   335 | D        | Found a bloodstained altar of Trog.
   336 | D        | Found a hide-covered altar of Uskayaw.
   337 | D        | Found a radiant altar of Vehumet.
   338 | D        | Found an ornate altar of the Wu Jian Council.
   339 | D        | Found a shimmering altar of Xom.
   340 | D        | Found a basalt altar of Yredelemnul.
   351 | D        | Found a glowing silver altar of Zin.
   352 | D        | Found a glowing golden altar of the Shining One.
   375 | D        | Got the +1 broad axe of Corporal Punishment {venom, MP+9 Int+6 Dex-4}
   391 | D        | Reached **** piety under Trog
   396 | D        | Reached skill level 5 in Dodging
   398 | D        | Reached skill level 11 in Axes
   438 | D        | Noticed a hornet
   438 | D        | Noticed an acid dragon
   438 | D        | Noticed a two-headed ogre
   438 | D        | Noticed a centaur warrior
   438 | D        | Noticed a five-headed hydra
   438 | D        | Noticed a gargoyle
   441 | D        | Killed a gargoyle
   441 | D        | Reached ***** piety under Trog
   441 | D        | Reached skill level 13 in Axes
   441 | D        | Reached XP level 7. HP: 77/77 MP: 6/6
   444 | D        | Killed a seven-headed hydra
   444 | D        | Reached skill level 14 in Axes
   444 | D        | Reached XP level 8. HP: 69/86 MP: 7/7
   448 | D        | Killed a centaur warrior
   448 | D        | Received a gift from Trog
   448 | D        | Reached skill level 15 in Axes
   448 | D        | Reached XP level 9. HP: 66/96 MP: 8/8
   451 | D        | Mangled by a two-headed ogre

Skill      XL: |  1  2  3  4  5  6  7  8 |
---------------+-------------------------+-----
Fighting       | 7 8 9 12 13 14 | 14.3
Axes           | 7 9 10 13 14 15 | 15.9
Armour         | 4 5 6 7 8 |  8.2
Dodging        | 3 4 5 6 |  6.9

Action                   |  1- 3 |  4- 6 |  7- 9 || total
-------------------------+-------+-------+-------++-------
Melee: Hand axe          |    11 |    11 |       ||    22
       Headbutt          |     1 |     5 |     3 ||     9
       Broad axe         |       |    11 |     8 ||    19
Invok: Berserk           |     1 |     2 |       ||     3
Armor: Animal skin       |     1 |     1 |       ||     2
       Robe              |       |       |     1 ||     1
Dodge: Dodged            |     7 |     3 |     3 ||    13
